[Event "Summer Prague Open A 2020"]
[Site "Prague"]
[Date "2020.08.09"]
[Round "3.17"]
[White "Krivanek, Vladimir"]
[Black "Neuman, Petr"]
[Result "0-1"]
[ECO "D01"]
[WhiteElo "2210"]
[BlackElo "2376"]
[Annotator "ChessBase"]
[PlyCount "80"]
[EventDate "2020.08.08"]
[EventCountry "CZE"]
[SourceTitle "playchess.com"]
[Source "ChessBase"]
[SourceQuality "1"]
[TimeControl "40/5400+30:1800+30"]

1. Nc3 d5 2. d4 Nf6 3. Bg5 c5 4. e3 Nc6 5. Bxf6 gxf6 6. Qh5 e6 7. Nf3 Bd7 8. Bd3 Rc8 9. O-O f5 10. Bb5 Bg7 11. Ne2 O-O 12. Bxc6 bxc6 13. c3 Qb6 14. Rab1 cxd4 15. exd4 c5 16. Rfe1 Qd6 17. Qh4 f6 18. Nf4 cxd4 19. cxd4 e5 20. Nh5 e4 21. Nxg7 Kxg7 22. Nd2 f4 23. Nb3 Kh8 24. Nc5 Bf5 25. Qh5 Bg6 26. Qh3 f5 27. b4 Rg8 28. Rb3 Qf6 29. Rd1 Rc7 30. Qh6 f3 31. Ra3 f4 32. g3 e3 33. Ra6 e2 34. Re1 Qxd4 35. Rxg6 Rxg6 36. Qf8+ Rg8 37. Qf5 fxg3 38. hxg3 Rxg3+ 39. Kh2 Qh4+ 40. Qh3 Qxh3# 0-1

[Event "Summer Prague Open A 2020"]
[Site "Prague"]
[Date "2020.08.09"]
[Round "3.18"]
[White "Vokac, Marek"]
[Black "Kratochvil, Vit"]
[Result "1-0"]
[ECO "A04"]
[WhiteElo "2362"]
[BlackElo "2205"]
[Annotator "ChessBase"]
[PlyCount "61"]
[EventDate "2020.08.08"]
[EventCountry "CZE"]
[SourceTitle "playchess.com"]
[Source "ChessBase"]
[SourceQuality "1"]
[TimeControl "40/5400+30:1800+30"]

1. Nf3 c5 2. b3 d6 3. c4 Nf6 4. Nc3 b6 5. g3 Bb7 6. Bg2 Nbd7 7. O-O e6 8. e3 a6 9. Qe2 Qc7 10. Bb2 Be7 11. Rfd1 O-O 12. Rac1 Rac8 13. d4 Rfe8 14. d5 exd5 15. Nxd5 Nxd5 16. cxd5 Qd8 17. Nd2 b5 18. a4 bxa4 19. bxa4 Rb8 20. Rb1 Nf6 21. Nc4 Ba8 22. e4 Rb4 23. a5 Rb5 24. Qc2 Nd7 25. Bc3 Qc7 26. f4 Bf6 27. Bxf6 Nxf6 28. e5 Rxb1 29. Qxb1 dxe5 30. fxe5 Nd7 31. Re1 1-0

[Event "Summer Prague Open A 2020"]
[Site "Prague"]
[Date "2020.08.09"]
[Round "3.19"]
[White "Sorm, Daniel"]
[Black "Wedda, Dries"]
[Result "0-1"]
[ECO "E48"]
[WhiteElo "2342"]
[BlackElo "2172"]
[Annotator "ChessBase"]
[PlyCount "126"]
[EventDate "2020.08.08"]
[EventCountry "CZE"]
[SourceTitle "playchess.com"]
[Source "ChessBase"]
[SourceQuality "1"]
[TimeControl "40/5400+30:1800+30"]

1. d4 Nf6 2. c4 e6 3. Nc3 Bb4 4. e3 O-O 5. Bd3 d5 6. cxd5 exd5 7. Nge2 Re8 8. O-O Bd6 9. a3 b6 10. b4 Ba6 11. b5 Bb7 12. a4 a6 13. Rb1 Nbd7 14. f3 axb5 15. axb5 Re6 16. Qe1 Nf8 17. Qf2 Qe8 18. g4 h6 19. Kh1 N8h7 20. h4 g6 21. Rg1 Kg7 22. g5 hxg5 23. hxg5 Nd7 24. Nf4 Bxf4 25. exf4 Qe7 26. f5 gxf5 27. Bxf5 Rh8 28. Kg2 Nhf8 29. Bd2 Ng6 30. Rh1 Rxh1 31. Rxh1 Ndf8 32. Bxe6 Qxe6 33. Ne2 Bc8 34. Nf4 Qf5 35. Nh5+ Kg8 36. Nf6+ Kg7 37. Ne8+ Kg8 38. Nf6+ Kg7 39. Qe3 Bd7 40. Nh5+ Kg8 41. Nf6+ Kg7 42. Qb3 Ne7 43. Kf2 Neg6 44. Nh5+ Kg8 45. Nf6+ Kg7 46. Qb2 Qd3 47. Nh5+ Kg8 48. Nf6+ Kg7 49. Nxd7 Nxd7 50. Qc3 Qxb5 51. Qxc7 Ndf8 52. Qc2 Qd7 53. f4 Qg4 54. f5 Nh4 55. f6+ Kg8 56. Rh2 Qf3+ 57. Kg1 Qg3+ 58. Kh1 Nf3 59. Be3 Qe1+ 60. Kg2 Qxe3 61. Qb2 Nxh2 62. Kxh2 Qf4+ 63. Kh1 Qh4+ 0-1

[Event "Summer Prague Open A 2020"]
[Site "Prague"]
[Date "2020.08.10"]
[Round "4.2"]
[White "Plat, Vojtech"]
[Black "Slampa, Jan"]
[Result "1-0"]
[ECO "B10"]
[WhiteElo "2562"]
[BlackElo "2264"]
[Annotator "ChessBase"]
[PlyCount "177"]
[EventDate "2020.08.08"]
[EventCountry "CZE"]
[SourceTitle "playchess.com"]
[Source "ChessBase"]
[SourceQuality "1"]
[TimeControl "40/5400+30:1800+30"]

1. e4 c6 2. Nf3 d5 3. d3 Bg4 4. h3 Bxf3 5. Qxf3 e6 6. Nd2 Nd7 7. g3 Ngf6 8. Qe2 dxe4 9. dxe4 Qc7 10. Bg2 Bc5 11. a4 a6 12. Nc4 e5 13. O-O O-O 14. a5 Rfe8 15. c3 Rad8 16. Rd1 Nf8 17. Bg5 Qe7 18. b4 Ba7 19. Be3 Bxe3 20. Qxe3 h5 21. h4 Qe6 22. Qe2 N8h7 23. Ne3 g6 24. Qc4 Qe7 25. Bf3 Nf8 26. Kg2 Ne6 27. Qe2 Nc7 28. Nc4 Nb5 29. Qe3 Qe6 30. Be2 Kg7 31. f3 Nh7 32. Rd2 Rxd2 33. Qxd2 c5 34. bxc5 Rc8 35. Nd6 Rxc5 36. Bxb5 axb5 37. Nxb7 Rc7 38. a6 Rd7 39. Qe2 Qe8 40. Rd1 Rxd1 41. Qxd1 Qe6 42. Qa1 Qc4 43. Kf2 b4 44. cxb4 Qc2+ 45. Kg1 Qd3 46. Qf1 Qd4+ 47. Qf2 Qa1+ 48. Qf1 Qd4+ 49. Kg2 Qxb4 50. Qf2 Nf6 51. Qa2 Ne8 52. Nd8 Qe7 53. a7 Nc7 54. a8=Q Nxa8 55. Qxa8 Qc7 56. Qd5 Qc2+ 57. Kf1 Qc1+ 58. Ke2 Qc2+ 59. Qd2 Qc8 60. Kf2 Qc5+ 61. Kg2 Qc8 62. Kh2 Qc7 63. g4 hxg4 64. fxg4 Qe7 65. g5 Qc7 66. Qd5 Qc2+ 67. Kg3 Qc3+ 68. Kg4 Qc8+ 69. Ne6+ fxe6 70. Qxe5+ Kh7 71. h5 gxh5+ 72. Kxh5 Qe8+ 73. Kg4 Qd7 74. Qh2+ Kg8 75. g6 Qd1+ 76. Kg5 Qd8+ 77. Kh6 Qf8+ 78. Kh5 Qf6 79. Qb8+ Kg7 80. Qc7+ Kg8 81. Qf7+ Qxf7 82. gxf7+ Kxf7 83. e5 Kg7 84. Kg5 Kf7 85. Kh6 Kf8 86. Kg6 Ke7 87. Kg7 Ke8 88. Kf6 Kf8 89. Kxe6 1-0

[Event "Summer Prague Open A 2020"]
[Site "Prague"]
[Date "2020.08.10"]
[Round "4.3"]
[White "Dietz, Florian"]
[Black "Petr, Martin"]
[Result "0-1"]
[ECO "C08"]
[WhiteElo "2262"]
[BlackElo "2464"]
[Annotator "RC"]
[PlyCount "82"]
[EventDate "2020.08.08"]
[EventCountry "CZE"]
[SourceTitle "playchess.com"]
[Source "ChessBase"]
[SourceQuality "1"]
[TimeControl "40/5400+30:1800+30"]

1. e4 e6 2. d4 d5 3. Nd2 c5 4. exd5 exd5 5. Ngf3 a6 6. dxc5 Bxc5 7. Nb3 Bb6 8. Bd3 Qe7+ 9. Qe2 Nc6 10. Bg5 Qxe2+ 11. Bxe2 h6 12. Bf4 Nge7 13. c3 Bg4 14. Rd1 O-O 15. O-O Rfe8 16. Rfe1 Ng6 17. Bg3 Rad8 18. Kf1 Nge7 19. Be5 Nf5 20. Bd4 Nfxd4 21. Nfxd4 Bc8 22. Nf3 Bc7 23. h3 g6 24. Bd3 Rxe1+ 25. Rxe1 Kg7 26. Bc2 Kf6 27. Rd1 h5 28. Nbd4 Na5 29. Bb1 Nc4 30. b3 Nd6 31. Ne2 Ne4 32. c4 Be6 33. cxd5 Bxd5 34. b4 Bc6 35. Rc1 Nd2+ 36. Nxd2 Rxd2 37. Ke1 Rb2 38. a3 Bb6 39. f3 Be3 40. Rxc6+ bxc6 41. Be4 Ra2 0-1

[Event "Summer Prague Open A 2020"]
[Site "Prague"]
[Date "2020.08.10"]
[Round "4.4"]
[White "Kasioumis, Vasilios"]
[Black "Schnider, Gert"]
[Result "1-0"]
[ECO "C50"]
[WhiteElo "2277"]
[BlackElo "2423"]
[Annotator "ChessBase"]
[PlyCount "71"]
[EventDate "2020.08.08"]
[EventCountry "CZE"]
[SourceTitle "playchess.com"]
[Source "ChessBase"]
[SourceQuality "1"]
[TimeControl "40/5400+30:1800+30"]

1. e4 e5 2. Nf3 Nc6 3. Bc4 Bc5 4. Nc3 Nf6 5. d3 d6 6. Na4 a6 7. Nxc5 dxc5 8. a4 O-O 9. h3 Qd6 10. Be3 b6 11. O-O Be6 12. Nd2 Na5 13. Bxe6 Qxe6 14. b3 Rad8 15. f4 exf4 16. Bxf4 Rd7 17. Bg5 Ne8 18. Qh5 Nc6 19. Nc4 Nd4 20. Ne3 a5 21. Rae1 Qe5 22. Qg4 Qe6 23. Qd1 f6 24. Bf4 Nd6 25. Rf2 Nf7 26. Nd5 Ne5 27. c3 Ndc6 28. d4 cxd4 29. cxd4 Nb4 30. dxe5 fxe5 31. Rd2 exf4 32. Nf6+ Qxf6 33. Rxd7 f3 34. Qxf3 Qb2 35. Qg3 Nc2 36. Red1 1-0

[Event "Summer Prague Open A 2020"]
[Site "Prague"]
[Date "2020.08.10"]
[Round "4.5"]
[White "Roseneck, Jonas"]
[Black "Svanda, Ondrej"]
[Result "0-1"]
[ECO "B48"]
[WhiteElo "2416"]
[BlackElo "2238"]
[Annotator "ChessBase"]
[PlyCount "58"]
[EventDate "2020.08.08"]
[EventCountry "CZE"]
[SourceTitle "playchess.com"]
[Source "ChessBase"]
[SourceQuality "1"]
[TimeControl "40/5400+30:1800+30"]

1. e4 c5 2. Nf3 e6 3. d4 cxd4 4. Nxd4 Nc6 5. Nc3 Qc7 6. Be3 a6 7. Qf3 d6 8. O-O-O Bd7 9. Nxc6 Bxc6 10. Qg3 Nf6 11. f3 Rc8 12. Bd3 b5 13. Kb1 g6 14. a3 Bg7 15. Be2 e5 16. Qf2 O-O 17. g4 Rb8 18. g5 Nh5 19. Nd5 Bxd5 20. Rxd5 Nf4 21. Rd2 b4 22. a4 Qc6 23. Rhd1 Rfc8 24. b3 d5 25. exd5 Nxd5 26. Rxd5 Qxc2+ 27. Ka1 Qxb3 28. R5d2 e4+ 29. Bd4 e3 0-1

[Event "Summer Prague Open A 2020"]
[Site "Prague"]
[Date "2020.08.10"]
[Round "4.6"]
[White "Hrabusa, Matej"]
[Black "Marakovits, Nico"]
[Result "1-0"]
[ECO "B31"]
[WhiteElo "2350"]
[BlackElo "2105"]
[Annotator "ChessBase"]
[PlyCount "81"]
[EventDate "2020.08.08"]
[EventCountry "CZE"]
[SourceTitle "playchess.com"]
[Source "ChessBase"]
[SourceQuality "1"]
[TimeControl "40/5400+30:1800+30"]

1. e4 c5 2. Nf3 Nc6 3. Bb5 g6 4. Bxc6 bxc6 5. O-O Bg7 6. Re1 Nf6 7. e5 Nd5 8. c4 Nc7 9. b3 O-O 10. Bb2 Ne6 11. Nc3 d6 12. Na4 Qc7 13. exd6 exd6 14. Bxg7 Nxg7 15. d4 cxd4 16. Qxd4 Be6 17. Ng5 Bf5 18. Rad1 Rfe8 19. Rxe8+ Rxe8 20. Nc3 Qe7 21. Nf3 Rd8 22. h3 h5 23. Re1 Qd7 24. Qd2 Re8 25. Rd1 Rd8 26. Qh6 f6 27. Qf4 Ne6 28. Qg3 g5 29. Nd2 h4 30. Qe3 d5 31. cxd5 cxd5 32. Nde4 dxe4 33. Rxd7 Rxd7 34. Nxe4 Kf7 35. Nc5 Rd1+ 36. Kh2 Nf4 37. b4 Rb1 38. Nb7 Bd7 39. Nd6+ Kf8 40. Qxa7 Ke7 41. Nf5+ 1-0

[Event "Summer Prague Open A 2020"]
[Site "Prague"]
[Date "2020.08.10"]
[Round "4.7"]
[White "Cernousek, Lukas"]
[Black "Frank, Adam"]
[Result "1-0"]
[ECO "B07"]
[WhiteElo "2458"]
[BlackElo "2227"]
[Annotator "ChessBase"]
[PlyCount "65"]
[EventDate "2020.08.08"]
[EventCountry "CZE"]
[SourceTitle "playchess.com"]
[Source "ChessBase"]
[SourceQuality "1"]
[TimeControl "40/5400+30:1800+30"]

1. e4 d6 2. d4 Nf6 3. Nc3 g6 4. Be3 a6 5. h3 b5 6. e5 Nfd7 7. a4 Bb7 8. exd6 cxd6 9. axb5 axb5 10. Rxa8 Bxa8 11. Nxb5 Bg7 12. f3 O-O 13. Bd3 e5 14. Ne2 Qh4+ 15. Bf2 Qg5 16. Bg3 Nc6 17. Qd2 Qh5 18. d5 Ne7 19. c4 Bh6 20. Qc2 Rc8 21. Nec3 Qg5 22. Bf2 Qxg2 23. Rg1 Qxf3 24. Nxd6 Rb8 25. Be4 Qf4 26. Ncb5 Nf6 27. Ba7 Rd8 28. Rf1 Qg5 29. Bb6 Rf8 30. Rf3 Nxe4 31. Nxe4 Qh4+ 32. Bf2 Qh5 33. Nf6+ 1-0

[Event "Summer Prague Open A 2020"]
[Site "Prague"]
[Date "2020.08.10"]
[Round "4.9"]
[White "Neuman, Petr"]
[Black "Mueer, Sebastian"]
[Result "1-0"]
[ECO "E20"]
[WhiteElo "2376"]
[BlackElo "2210"]
[Annotator "ChessBase"]
[PlyCount "75"]
[EventDate "2020.08.08"]
[EventCountry "CZE"]
[SourceTitle "playchess.com"]
[Source "ChessBase"]
[SourceQuality "1"]
[TimeControl "40/5400+30:1800+30"]

1. d4 Nf6 2. c4 e6 3. Nc3 Bb4 4. g3 O-O 5. Bg2 d5 6. Nf3 dxc4 7. O-O Nc6 8. Qa4 Bd7 9. Qc2 Rb8 10. e4 Be7 11. Qe2 b5 12. Rd1 Qe8 13. Ne5 b4 14. Nb1 Na5 15. Nxc4 Bb5 16. b3 Nd7 17. Bb2 Nb6 18. Nbd2 Bxc4 19. Nxc4 Naxc4 20. bxc4 Na4 21. e5 c6 22. Be4 Qc8 23. Bxh7+ Kxh7 24. Qc2+ Kg8 25. Qxa4 f6 26. d5 exd5 27. cxd5 fxe5 28. d6 Bf6 29. Rac1 c5 30. Qb3+ Rf7 31. Qd5 Qa6 32. Rxc5 Bd8 33. Rc2 Rb5 34. Qe6 Qb6 35. Bxe5 b3 36. axb3 Rxb3 37. Bd4 Qa5 38. Qxb3 1-0

[Event "Summer Prague Open A 2020"]
[Site "Prague"]
[Date "2020.08.10"]
[Round "4.10"]
[White "Mukashev, Assan"]
[Black "Vokac, Marek"]
[Result "0-1"]
[ECO "A40"]
[WhiteElo "2207"]
[BlackElo "2362"]
[Annotator "ChessBase"]
[PlyCount "70"]
[EventDate "2020.08.08"]
[EventCountry "CZE"]
[SourceTitle "playchess.com"]
[Source "ChessBase"]
[SourceQuality "1"]
[TimeControl "40/5400+30:1800+30"]

1. d4 g6 2. c4 Bg7 3. Nc3 c5 4. e3 Nf6 5. d5 e6 6. Be2 O-O 7. h4 exd5 8. cxd5 d6 9. h5 Qe7 10. hxg6 fxg6 11. Nh3 Bxh3 12. Rxh3 Nbd7 13. Kf1 a6 14. a4 Rae8 15. Kg1 Ne4 16. Nxe4 Qxe4 17. Bg4 Ne5 18. Be6+ Kh8 19. f3 Qd3 20. Qe1 Qc2 21. e4 h5 22. Qg3 Nxf3+ 23. gxf3 Bd4+ 24. Kh1 Qd1+ 25. Kh2 Rxf3 26. Be3 Qe2+ 27. Qg2 Rxh3+ 28. Kxh3 Qxe3+ 29. Kh2 Rf8 30. Rf1 Be5+ 31. Kh1 Rxf1+ 32. Qxf1 Qxe4+ 33. Kg1 Qd4+ 34. Kg2 Qxb2+ 35. Kh1 Qh2# 0-1

[Event "Summer Prague Open A 2020"]
[Site "Prague"]
[Date "2020.08.10"]
[Round "4.11"]
[White "Malassagne, Raphael"]
[Black "Haack, Kevin"]
[Result "1/2-1/2"]
[ECO "D00"]
[WhiteElo "2305"]
[BlackElo "2180"]
[Annotator "ChessBase"]
[PlyCount "59"]
[EventDate "2020.08.08"]
[EventCountry "CZE"]
[SourceTitle "playchess.com"]
[Source "ChessBase"]
[SourceQuality "1"]
[TimeControl "40/5400+30:1800+30"]

1. d4 d5 2. Bf4 Nf6 3. e3 e6 4. Nd2 Bd6 5. Bg3 O-O 6. Ngf3 c5 7. c3 Qc7 8. dxc5 Bxg3 9. hxg3 Qxc5 10. Bd3 h6 11. Qa4 Nc6 12. g4 e5 13. g5 Ng4 14. gxh6 Nxh6 15. Rh5 f5 16. Bb5 Ng4 17. Nb3 Qd6 18. O-O-O e4 19. Rxd5 Qg6 20. Bc4 Be6 21. Rg5 Qh6 22. Rd7 exf3 23. Rgxg7+ Kh8 24. Rh7+ Qxh7 25. Rxh7+ Kxh7 26. gxf3 Bxc4 27. Qxc4 Nce5 28. Qb5 Nxf2 29. Qxb7+ Kg6 30. Qa6+ 1/2-1/2

[Event "Summer Prague Open A 2020"]
[Site "Prague"]
[Date "2020.08.10"]
[Round "4.12"]
[White "Mladek, Richard"]
[Black "Ludvik, Tomas"]
[Result "1-0"]
[ECO "D45"]
[WhiteElo "2280"]
[BlackElo "2202"]
[Annotator "ChessBase"]
[PlyCount "109"]
[EventDate "2020.08.08"]
[EventCountry "CZE"]
[SourceTitle "playchess.com"]
[Source "ChessBase"]
[SourceQuality "1"]
[TimeControl "40/5400+30:1800+30"]

1. d4 d5 2. c4 c6 3. Nf3 Nf6 4. e3 e6 5. Nc3 Nbd7 6. Qc2 Bd6 7. g4 h6 8. Rg1 b5 9. cxb5 c5 10. e4 cxd4 11. Nxd4 Bb7 12. Nc6 Bxc6 13. bxc6 Ne5 14. Be2 d4 15. Qa4 Bc7 16. Bf4 dxc3 17. Bxe5 Qd2+ 18. Kf1 Bxe5 19. Rd1 Qxb2 20. c7+ Ke7 21. Qa5 Nxg4 22. Rxg4 c2 23. Qc5+ Kf6 24. Re1 g5 25. Rg3 Rac8 26. Rb3 Qd4 27. Rf3+ Kg6 28. Qe7 Bf6 29. Rxf6+ Qxf6 30. Qc5 Qf4 31. e5 Qxh2 32. Qxc2+ Kg7 33. Ba6 Qh1+ 34. Ke2 Qd5 35. Kf1 Qa5 36. Bxc8 Rxc8 37. Rc1 Qxe5 38. Qc6 Qd5 39. Qa6 Qd7 40. Qxa7 h5 41. Qb7 e5 42. a4 f6 43. a5 Qh3+ 44. Ke2 Qg4+ 45. Qf3 Qe6 46. Qc6 Qg4+ 47. Kf1 Qh3+ 48. Ke1 Qg4 49. a6 Qg1+ 50. Ke2 Qg4+ 51. Qf3 Qa4 52. Qc6 Qg4+ 53. Kf1 Qh3+ 54. Ke1 Qa3 55. a7 1-0

[Event "Summer Prague Open A 2020"]
[Site "Prague"]
[Date "2020.08.10"]
[Round "4.13"]
[White "Richter, Philipp"]
[Black "Csiki, Endre"]
[Result "1/2-1/2"]
[ECO "A50"]
[WhiteElo "2127"]
[BlackElo "2266"]
[Annotator "ChessBase"]
[PlyCount "89"]
[EventDate "2020.08.08"]
[EventCountry "CZE"]
[SourceTitle "playchess.com"]
[Source "ChessBase"]
[SourceQuality "1"]
[TimeControl "40/5400+30:1800+30"]

1. d4 Nf6 2. c4 g6 3. f3 Nc6 4. d5 Ne5 5. e4 d6 6. f4 Ned7 7. Nc3 Bg7 8. Nh3 O-O 9. Be2 Nc5 10. Nf2 c6 11. Be3 cxd5 12. cxd5 e6 13. e5 Nxd5 14. Nxd5 exd5 15. Qxd5 Be6 16. Qd2 Na4 17. Rd1 Nb6 18. Qxd6 Qxd6 19. Rxd6 Rfc8 20. Bxb6 axb6 21. a3 Rc2 22. Rd2 Rac8 23. Bd3 Rc1+ 24. Rd1 Bb3 25. Rxc1 Rxc1+ 26. Ke2 Rxh1 27. Nxh1 f6 28. f5 Bd5 29. Ng3 fxe5 30. fxg6 hxg6 31. Be4 Bxe4 32. Nxe4 Kf7 33. Kd3 Ke6 34. g4 Bh6 35. a4 Kd5 36. b4 Ke6 37. Kc4 Be3 38. Kd3 Bh6 39. Kc4 Be3 40. h4 Bf4 41. Kd3 Bh6 42. Nc3 Bf8 43. Kc4 Be7 44. Kb5 Bxh4 45. Kc4 1/2-1/2

[Event "Summer Prague Open A 2020"]
[Site "Prague"]
[Date "2020.08.10"]
[Round "4.17"]
[White "Deuer, Marius"]
[Black "Buchenau, Frank"]
[Result "0-1"]
[ECO "E16"]
[WhiteElo "2122"]
[BlackElo "2278"]
[Annotator "ChessBase"]
[PlyCount "52"]
[EventDate "2020.08.08"]
[EventCountry "CZE"]
[SourceTitle "playchess.com"]
[Source "ChessBase"]
[SourceQuality "1"]
[TimeControl "40/5400+30:1800+30"]

1. d4 e6 2. c4 Nf6 3. Nf3 Bb4+ 4. Bd2 Qe7 5. g3 Nc6 6. Bg2 Bxd2+ 7. Nbxd2 d6 8. O-O O-O 9. e4 e5 10. d5 Nb8 11. Ne1 a5 12. Nd3 Na6 13. f4 Bd7 14. Qe2 c6 15. c5 Nxc5 16. Nxc5 dxc5 17. Nc4 cxd5 18. exd5 e4 19. Ne5 Rad8 20. Rae1 Qd6 21. Rd1 Rfe8 22. Bxe4 Nxe4 23. Qxe4 Bh3 24. Qf3 Bxf1 25. Kxf1 Qa6+ 26. Qd3 Rxd5 0-1

[Event "Summer Prague Open A 2020"]
[Site "Prague"]
[Date "2020.08.10"]
[Round "4.19"]
[White "Kozak, Milos"]
[Black "Serrano Salvador, Eduardo"]
[Result "1-0"]
[ECO "E09"]
[WhiteElo "2174"]
[BlackElo "2299"]
[Annotator "ChessBase"]
[PlyCount "115"]
[EventDate "2020.08.08"]
[EventCountry "CZE"]
[SourceTitle "playchess.com"]
[Source "ChessBase"]
[SourceQuality "1"]
[TimeControl "40/5400+30:1800+30"]

1. d4 Nf6 2. c4 e6 3. g3 d5 4. Nf3 c6 5. Bg2 Nbd7 6. O-O Be7 7. Qc2 O-O 8. Nbd2 b6 9. e4 Bb7 10. e5 Ne8 11. cxd5 cxd5 12. Re1 Rc8 13. Qd1 Nc7 14. Nf1 Na6 15. a3 b5 16. Qb3 Qb6 17. Be3 Rc7 18. Rec1 Rfc8 19. Rxc7 Rxc7 20. N1d2 b4 21. axb4 Nxb4 22. Ne1 Ba6 23. h4 h6 24. Kh2 Be2 25. Qa4 Qb5 26. Qxb5 Bxb5 27. Bf3 Nb6 28. b3 a6 29. Bd1 Nd3 30. Nxd3 Bxd3 31. Nf3 Nd7 32. Ne1 Bb5 33. Bd2 Nb8 34. Rc1 Rxc1 35. Bxc1 Bb4 36. Nf3 Bc3 37. Ba3 Nc6 38. Bc5 Bd3 39. g4 Be4 40. Kg3 Bxf3 41. Kxf3 Bxd4 42. Bxd4 Nxd4+ 43. Ke3 Nc6 44. f4 Kf8 45. Be2 Na5 46. Bd1 Ke7 47. Kd4 Kd7 48. Kc5 Kc7 49. h5 Nb7+ 50. Kd4 a5 51. f5 Kc6 52. f6 gxf6 53. exf6 Kd6 54. g5 e5+ 55. Ke3 d4+ 56. Ke4 Nc5+ 57. Kf5 Ne6 58. g6 1-0

[Event "Summer Prague Open A 2020"]
[Site "Prague"]
[Date "2020.08.11"]
[Round "5.2"]
[White "Svanda, Ondrej"]
[Black "Plat, Vojtech"]
[Result "1/2-1/2"]
[ECO "A10"]
[WhiteElo "2238"]
[BlackElo "2562"]
[Annotator "ChessBase"]
[PlyCount "133"]
[EventDate "2020.08.08"]
[EventCountry "CZE"]
[SourceTitle "playchess.com"]
[Source "ChessBase"]
[SourceQuality "1"]
[TimeControl "40/5400+30:1800+30"]

1. c4 g6 2. g3 Bg7 3. Bg2 e5 4. Nc3 Ne7 5. e4 O-O 6. Nge2 c6 7. d4 exd4 8. Nxd4 d6 9. O-O Nd7 10. h3 Nb6 11. b3 a5 12. Bb2 a4 13. Rc1 axb3 14. axb3 Nd7 15. Ra1 Rxa1 16. Bxa1 Nc5 17. Nce2 Re8 18. Bc3 f5 19. exf5 Nxf5 20. Nxf5 Bxf5 21. Bxg7 Kxg7 22. b4 Ne4 23. g4 Bc8 24. Qd4+ Qf6 25. Qxf6+ Nxf6 26. Ng3 Be6 27. Rc1 Re7 28. b5 c5 29. f4 h6 30. Kf2 b6 31. Rd1 Rd7 32. Bf1 d5 33. cxd5 Rxd5 34. Ra1 Rd2+ 35. Ke3 Rb2 36. Ra7+ Kf8 37. f5 gxf5 38. Nxf5 Bxf5 39. gxf5 Rb4 40. Ra8+ Ke7 41. Kf3 Nd5 42. Rh8 Rf4+ 43. Ke2 Rh4 44. Kf2 Rh5 45. Ke1 Ne3 46. Rh7+ Kd6 47. Rb7 Nd5 48. Bg2 Rxf5 49. Bxd5 Kxd5 50. Rxb6 Rh5 51. Rg6 Rxh3 52. b6 Kc4 53. b7 Rb3 54. Rxh6 Rxb7 55. Kd2 Kb3 56. Kc1 c4 57. Rh3+ c3 58. Rh8 Rb5 59. Rg8 Rb4 60. Rc8 Rh4 61. Rb8+ Rb4 62. Rc8 c2 63. Rc3+ Ka4 64. Kxc2 Kb5 65. Rh3 Rc4+ 66. Rc3 Rxc3+ 67. Kxc3 1/2-1/2

[Event "Summer Prague Open A 2020"]
[Site "Prague"]
[Date "2020.08.11"]
[Round "5.3"]
[White "Petr, Martin"]
[Black "Kasioumis, Vasilios"]
[Result "1-0"]
[ECO "B51"]
[WhiteElo "2464"]
[BlackElo "2277"]
[Annotator "ChessBase"]
[PlyCount "67"]
[EventDate "2020.08.08"]
[EventCountry "CZE"]
[SourceTitle "playchess.com"]
[Source "ChessBase"]
[SourceQuality "1"]
[TimeControl "40/5400+30:1800+30"]

1. e4 c5 2. Nf3 d6 3. Bb5+ Nd7 4. c3 Ngf6 5. Qe2 a6 6. Ba4 b5 7. Bc2 Bb7 8. d4 e5 9. O-O Qc7 10. a4 cxd4 11. axb5 axb5 12. Rxa8+ Bxa8 13. Na3 b4 14. Nb5 Qb8 15. Qc4 Nc5 16. cxb4 d5 17. Qa2 Ne6 18. Ba4 dxe4 19. Nbxd4+ Kd8 20. Nxe6+ fxe6 21. Ng5 Bd5 22. Bb3 Ke8 23. Qa4+ Nd7 24. Nxe6 Bxb3 25. Qxb3 Qxb4 26. Nxg7+ Kd8 27. Ne6+ Ke8 28. Qd5 Qd6 29. Ng7+ Kd8 30. Bg5+ Kc8 31. Rc1+ Kb8 32. Qb5+ Nb6 33. Be3 Kb7 34. Ne8 1-0

[Event "Summer Prague Open A 2020"]
[Site "Prague"]
[Date "2020.08.11"]
[Round "5.4"]
[White "Vokac, Marek"]
[Black "Cernousek, Lukas"]
[Result "1/2-1/2"]
[ECO "A13"]
[WhiteElo "2362"]
[BlackElo "2458"]
[Annotator "ChessBase"]
[PlyCount "81"]
[EventDate "2020.08.08"]
[EventCountry "CZE"]
[SourceTitle "playchess.com"]
[Source "ChessBase"]
[SourceQuality "1"]
[TimeControl "40/5400+30:1800+30"]

1. c4 e6 2. Nf3 d5 3. b3 d4 4. e3 c5 5. exd4 cxd4 6. g3 Nc6 7. Bg2 Nf6 8. O-O Bd6 9. d3 O-O 10. a3 a5 11. Bg5 h6 12. Bxf6 Qxf6 13. Nbd2 Qe7 14. Qc1 f5 15. Re1 Bd7 16. Qb2 Rad8 17. Re2 e5 18. Rae1 Bxa3 19. Qa2 e4 20. dxe4 d3 21. Re3 Bc5 22. exf5 Bxe3 23. Rxe3 Qb4 24. g4 Qc3 25. Bf1 a4 26. Rxd3 Nb4 27. Rxc3 Nxa2 28. Re3 a3 29. Nb1 Ra8 30. Ne5 Bc6 31. b4 Nxb4 32. Nxa3 Rfd8 33. Rb3 Ra4 34. Nb5 Nc2 35. Rb2 Rd2 36. Nc3 Rb4 37. Rxb4 Nxb4 38. Nxc6 bxc6 39. Ne4 Rd4 40. f3 Nd3 41. Bxd3 1/2-1/2

[Event "Summer Prague Open A 2020"]
[Site "Prague"]
[Date "2020.08.11"]
[Round "5.5"]
[White "Mladek, Richard"]
[Black "Neuman, Petr"]
[Result "1/2-1/2"]
[ECO "B53"]
[WhiteElo "2280"]
[BlackElo "2376"]
[Annotator "ChessBase"]
[PlyCount "90"]
[EventDate "2020.08.08"]
[EventCountry "CZE"]
[SourceTitle "playchess.com"]
[Source "ChessBase"]
[SourceQuality "1"]
[TimeControl "40/5400+30:1800+30"]

1. e4 c5 2. Nf3 d6 3. d4 cxd4 4. Qxd4 a6 5. Be3 Nc6 6. Qd2 Nf6 7. Nc3 b5 8. Bd3 e6 9. O-O-O Bb7 10. Rhg1 Rc8 11. g4 Nd7 12. Kb1 Qa5 13. Nd4 Nde5 14. Nb3 Qc7 15. Rg3 h5 16. gxh5 Rxh5 17. f4 Nxd3 18. cxd3 Qe7 19. Qe2 Qh4 20. Bg1 g6 21. Rg4 Qd8 22. Rf1 Ne7 23. Bd4 Qd7 24. a3 Rh3 25. Rg3 Rxg3 26. hxg3 Nc6 27. Be3 b4 28. axb4 Nxb4 29. Rh1 Bg7 30. Bd2 a5 31. Rh7 Ba6 32. Nc1 Kf8 33. f5 exf5 34. Bh6 Bxh6 35. Rxh6 Qe6 36. Qh2 Ke7 37. Rh7 Kd7 38. Qf2 Bxd3+ 39. Nxd3 Nxd3 40. Qb6 fxe4 41. Qb7+ Rc7 42. Qb5+ Ke7 43. Qg5+ Kd7 44. Qb5+ Ke7 45. Qg5+ Kd7 1/2-1/2

[Event "Summer Prague Open A 2020"]
[Site "Prague"]
[Date "2020.08.11"]
[Round "5.6"]
[White "Schnider, Gert"]
[Black "Soural, Jan"]
[Result "1/2-1/2"]
[ECO "A16"]
[WhiteElo "2423"]
[BlackElo "2234"]
[Annotator "ChessBase"]
[PlyCount "55"]
[EventDate "2020.08.08"]
[EventCountry "CZE"]
[SourceTitle "playchess.com"]
[Source "ChessBase"]
[SourceQuality "1"]
[TimeControl "40/5400+30:1800+30"]

1. c4 Nf6 2. Nc3 d5 3. cxd5 Nxd5 4. g3 g6 5. Bg2 Nb6 6. Nf3 Bg7 7. O-O Nc6 8. d3 O-O 9. Be3 e5 10. Rc1 Nd4 11. Qd2 c6 12. Bg5 f6 13. Bh6 Bxh6 14. Qxh6 Bg4 15. Qe3 Re8 16. Rfe1 Kg7 17. Nd2 Qe7 18. h3 Bd7 19. Nf3 Qb4 20. b3 Rad8 21. Kh2 a5 22. Ne4 Bf5 23. Nc3 Bc8 24. Red1 Nf5 25. Qe4 Nd4 26. Qe3 Nf5 27. Qe4 Nd4 28. Qe3 1/2-1/2